 Dungeon Crawl Stone Soup version 0.21.1-1-g345015fe64 (webtiles) character file.

505 PikkenKukken the Sneak (level 6, 0/28 HPs)
             Began as a Spriggan Enchanter on June 9, 2018.
             Slain by an iguana (12 damage)
             ... on level 4 of the Dungeon.
             The game lasted 00:15:26 (4766 turns).

PikkenKukken the Sneak (Spriggan Enchanter)         Turns: 4766, Time: 00:15:27

Health: 0/28       AC:  3    Str:  5    XL:     6   Next: 96%
Magic:  0/14       EV: 19    Int: 18    God:
Gold:   132        SH:  0    Dex: 16    Spells: 6/15 levels left

rFire    . . .     SeeInvis +   a - +1 dagger
rCold    . . .     Gourm    .   (shield restricted)
rNeg     . . .     Faith    .   b - +0 robe
rPois    .         Spirit   .   (helmet restricted)
rElec    .         Reflect  .   d - +0 cloak
rCorr    .         Harm     .   (gloves unavailable)
MR       +....                  (boots unavailable)
Stlth    ++++......             (no amulet)
HPRegen  0.09/turn              (no ring)
MPRegen  0.14/turn              (no ring)

@: very quick
A: very small, unfitting armour, see invisible, herbivore, speed 3, slow
metabolism 2
a: no special abilities


You were on level 4 of the Dungeon.
You were not hungry.

You visited 1 branch of the dungeon, and saw 4 of its levels.

You collected 132 gold pieces.

Inventory:

Hand Weapons
 a - a +1 dagger (weapon)
Armour
 b - a +0 robe (worn)
 d - a +0 cloak (worn)
Jewellery
 j - an uncursed amulet of the gourmand
 k - a cursed amulet of inaccuracy {unknown}
Wands
 i - a wand of polymorph (19)
Scrolls
 f - 3 scrolls of teleportation
 g - a scroll of immolation
 l - a scroll of random uselessness
 m - a scroll of identify
 n - a scroll of enchant weapon {unknown}
Potions
 e - 4 potions of curing
Books
 c - a book of Maledictions

   Spells                             Type                      Level
   a - Corona                         Hexes                        1
   b - Ensorcelled Hibernation        Hexes/Ice                    2
   c - Confuse                        Hexes                        3
   d - Tukima's Dance                 Hexes                        3
   e - Dazzling Spray                 Conjuration/Hexes            3
Comestibles
 h - 3 rations


   Skills:
 + Level 0.2 Fighting
 + Level 2.2 Short Blades
 + Level 3.6 Dodging
 + Level 7.5 Stealth
 + Level 5.2 Spellcasting
 + Level 5.1 Hexes
 * Level 2.0 Ice Magic


You had 6 spell levels left.
You knew the following spells:

 Your Spells              Type           Power        Failure   Level  Hunger
a - Corona                Hex            ###....      1%          1    None
b - Ensorcelled Hibernat  Hex/Ice        ###...       4%          2    #......
c - Confuse               Hex            ###.....     4%          3    ##.....
d - Tukima's Dance        Hex            ###.....     4%          3    ##.....


Dungeon Overview and Level Annotations

Branches:
Dungeon (4/15)
 Temple: D:4-7

Altars:

Annotations:
D:2 Sigmund


Innate Abilities, Weirdness & Mutations

You are very small and have problems with some larger weapons.
You are too small for most types of armour.
You have supernaturally acute eyesight. (SInv)
You are a herbivore.
You cover ground extremely quickly.
You need consume almost no food.


Message History

The eye of draining is moderately wounded.
The eye of draining gazes at you. The iguana closely misses you.
You hit the eye of draining.
The eye of draining is moderately wounded.
The iguana barely misses you.
You hit the eye of draining.
The eye of draining is heavily wounded.
The eye of draining gazes at you.
You feel your power leaking away. The iguana bites you.
You hit the eye of draining but do no damage.
The eye of draining is moderately wounded.
The iguana barely misses you.
You hit the eye of draining but do no damage.
The eye of draining is moderately wounded.
You hit the eye of draining.
The eye of draining is heavily wounded.
The iguana bites you!
You die...

.(. #.. ####.# ###
#..... ..# #.##.#
#.# #G##.# #.#
#@##.###.#####
#l##.....†...#
#......#.###.#
#........#
#........# #
........#.###.###
###.##.#.#......%..#
#.##.#.#..##.###.#
#.##.#.#..# #.#


You could see an eye of draining and an iguana.

Vanquished Creatures
  The ghost of loran1212 the Caller, an amateur DESu (D:3)
  An ogre (D:4)
  A howler monkey (D:4)
  An orc priest (D:3)
  A hound (D:4)
  Natasha (D:3)
  An orc wizard (D:2)
  A worker ant (D:4)
  A hound zombie (D:4)
  An adder (D:2)
  3 worms
  2 dart slugs (D:1)
  3 leopard geckos (D:1)
  5 orcs
  4 giant cockroaches
  11 goblins
  5 hobgoblins
  8 jackals
  A ball python (D:3)
  6 bats
  7 frilled lizards
  4 kobolds
  7 rats
76 creatures vanquished.

Vanquished Creatures (collateral kills)
  An ogre (D:4)
1 creature vanquished.

Grand Total: 77 creatures vanquished

Notes
Turn   | Place    | Note
-------+----------+-------------------------------------------
     0 | D:1      | PikkenKukken the Spriggan Enchanter began the quest for the Orb.
     0 | D:1      | Reached XP level 1. HP: 9/9 MP: 5/5
   494 | D:1      | Reached XP level 2. HP: 13/13 MP: 4/7
   507 | D:1      | Learned a level 2 spell: Ensorcelled Hibernation
   761 | D:1      | Reached skill level 5 in Stealth
  1088 | D:1      | Reached XP level 3. HP: 16/16 MP: 5/8
  1289 | D:1      | Learned a level 3 spell: Confuse
  1571 | D:2      | Noticed Sigmund
  2099 | D:2      | Reached skill level 6 in Stealth
  2187 | D:2      | Reached XP level 4. HP: 20/21 MP: 2/10
  2194 | D:2      | Learned a level 3 spell: Tukima's Dance
  2550 | D:3      | Noticed loran1212's ghost (amateur DESu)
  2836 | D:3      | Killed loran1212's ghost
  2836 | D:3      | Reached skill level 1 in Ice Magic
  2836 | D:3      | Reached XP level 5. HP: 24/24 MP: 6/12
  3122 | D:3      | Noticed Natasha
  3279 | D:3      | Killed Natasha
  3647 | D:2      | Reached XP level 6. HP: 21/28 MP: 10/13
  4261 | D:4      | Reached skill level 7 in Stealth
  4261 | D:4      | Reached skill level 5 in Hexes
  4614 | D:4      | Reached skill level 5 in Spellcasting
  4766 | D:4      | Slain by an iguana

Skill      XL: |  1  2  3  4  5  6 |
---------------+-------------------+-----
Spellcasting   | 3 4 5 |  5.2
Hexes          | 4 5 |  5.1
Stealth        | 5 6 7 |  7.5
Ice Magic      | 1 2 |  2.0
Short Blades   | 2 |  2.2
Fighting       | |  0.2
Dodging        | |  3.6

Action                   |  1- 3 |  4- 6 || total
-------------------------+-------+-------++-------
Melee: Dagger            |   109 |   127 ||   236
 Cast: Corona            |    11 |     4 ||    15
       Ensorcelled Hiber |    26 |    44 ||    70
       Confuse           |       |    13 ||    13
       Tukima's Dance    |       |     4 ||     4
  Use: Scroll            |     5 |     2 ||     7
       Potion            |     2 |     3 ||     5
 Stab: Sleeping          |    30 |    24 ||    54
       Confused          |       |     3 ||     3
  Eat: Ration            |     1 |     2 ||     3
Armor: Robe              |     4 |    28 ||    32
Dodge: Dodged            |    72 |   108 ||   180
